 Dungeon Crawl Stone Soup version 0.30-b1-2-g02819fbbbe (webtiles) character file.

Game seed: 14444303313105687726

2647 raph the Arsonist (level 9, -2/48 HPs)
             Began as a Deep Elf Fire Elementalist on Sept 10, 2023.
             Was an Initiate of Gozag.
             Slain by a cyclops (9 damage)
             ... on level 8 of the Dungeon.
             The game lasted 00:13:35 (10305 turns).

raph the Arsonist (Deep Elf Fire Elementalist)     Turns: 10305, Time: 00:13:35

Health: -2/48      AC: 12    Str:  5    XL:     9   Next: 36%
Magic:  13/22      EV: 18    Int: 25    God:    Gozag
Gold:   1153       SH:  0    Dex: 15    Spells: 5/23 levels left

rFire   + . .        c - +2 dagger (elec)
rCold   x . .        (no shield)
rNeg    . . .        a - +1 robe
rPois   .            l - +2 helmet
rElec   .            (no cloak)
rCorr   .            x - +2 pair of gloves
SInv    .            s - +2 pair of boots
Will    .....        t - amulet of magic regeneration
Stlth   ++           p - +5 ring of evasion
HPRegen 0.28/turn    v - ring of fire
MPRegen 0.58/turn

%: no passive effects
@: gold aura
A: no striking features
a: Renounce Religion, Potion Petition, Call Merchant, Bribe Branch


You were on level 8 of the Dungeon.
You worshipped Gozag.
Gozag was most pleased with you.
You visited 1 branch of the dungeon, and saw 8 of its levels.

You collected 1203 gold pieces.
You paid 50 gold pieces to Gozag.

Inventory:

Hand Weapons
 c - a +2 dagger of electrocution (weapon)
Missiles
 h - 9 poisoned darts
Armour
 a - a +1 robe (worn)
 l - a +2 helmet (worn)
 s - a +2 pair of boots (worn)
 x - a +2 pair of gloves (worn)
Magical Staves
 e - a staff of earth
Jewellery
 p - a +5 ring of evasion (left hand)
 t - an amulet of magic regeneration (around neck)
 u - a ring of fire
 v - a ring of fire (right hand)
Wands
 m - a wand of iceblast (12)
 r - a wand of mindburst (11)
 A - a wand of digging (7)
Scrolls
 g - 2 scrolls of silence
 w - 5 scrolls of identify
 y - a scroll of teleportation
 B - a scroll of magic mapping
Potions
 b - a potion of magic
 d - 2 potions of invisibility {unknown}
 f - 2 potions of flight {unknown}
 i - a potion of brilliance {unknown}
 j - 3 potions of heal wounds
 k - 5 potions of might
 n - 2 potions of attraction {unknown}
 o - a potion of cancellation {unknown}
 q - a potion of curing {unknown}
 z - a potion of mutation {unknown}


   Skills:
 + Level 2.2 Fighting
 + Level 4.3 Dodging
 - Level 2.4 Stealth
 + Level 7.7 Spellcasting
 * Level 7.5 Conjurations
 + Level 2.2 Hexes
 + Level 2.0 Necromancy
 * Level 9.1 Fire Magic


You had 5 spell levels left.
You knew the following spells:

 Your Spells              Type           Power      Damage    Failure   Level
a - Foxfire               Conj/Fire      100%       2x1d9     1%          1
b - Scorch                Fire           100%       2d9       1%          2
c - Inner Flame           Hex/Fire       55%        N/A       1%          3
d - Volatile Blastmotes   Fire/Tloc      96%        2d18      2%          3
e - Flame Wave            Conj/Fire      67%        2d15      1%          4
f - Slow                  Hex            80%        N/A       2%          1
g - Anguish               Hex/Necr       10%        N/A       26%         4

Your spell library contained the following spells:

 Spells                   Type           Power      Damage    Failure   Level
 Necrotise                Necr           76%        1d7       2%          1
 Confusing Touch          Hex            20%        N/A       8%          3
 Vampiric Draining        Necr           19%        2d7       9%          3
 Agony                    Necr           19%        N/A       58%         5
 Enfeeble                 Hex            10%        N/A       100%        7


Dungeon Overview and Level Annotations

Branches:
Dungeon (8/15)             Temple (0/1) D:7
   Lair: D:8-11

Altars:
Ashenzari
Cheibriados
Gozag
Hepliaklqana
Uskayaw

Annotations:
D:3 2 transporters, PanSaczeczos's ghost, amateur SpGl


Message History

Casting: Flame Wave (dangerous; 2% risk of failure)
Press: ? - help, Dir - look around, f - activate You feel a surge of power!
A wave of flame ripples out!
The flame wave engulfs the orc warrior!
The orc warrior is burned terribly!
The orc warrior is severely wounded. (Press . to intensify the flame waves.)
The orc warrior hits you with a +0 scimitar!
A wave of flame ripples out!
The flame wave engulfs the orc warrior!!!
The orc warrior is burned terribly!
You kill the orc warrior!
The flame wave engulfs the troll!
The troll is moderately wounded.
A cyclops comes into view.
A wave of flame ripples out!
The flame wave engulfs the cyclops.
The cyclops is lightly wounded.
The flame wave engulfs the troll!!
The troll is almost dead.
You finish channelling waves of flame.
The troll bites you. The troll misses you.
The troll claws you but does no damage.
Casting: Flame Wave (dangerous; 2% risk of failure)
Confirm with . or Enter, or press ? or * to list all spells.
Casting: Flame Wave (dangerous; 2% risk of failure)
Press: ? - help, Dir - look around, f - activate You feel a surge of power!
A wave of flame ripples out!
The flame wave engulfs the cyclops!
The cyclops is moderately wounded.
The flame wave engulfs the troll!
You kill the troll! (Press . to intensify the flame waves.)
The cyclops hits you!!
Ouch! That really hurt!
* * * LOW HITPOINT WARNING * * *
Your Hexes skill increases to level 2!
Your Necromancy skill increases to level 2!
A wave of flame ripples out!
The flame wave engulfs the cyclops!!
The cyclops is severely wounded.
The cyclops hits you!
You die...
Your body crumbles into a pile of gold.

#..#######.#.........#
#...# #............#
#..## ##...........#
#..## ##...........#
#...# #...........<###
#..### ##.######.(.....
#..##.# ##..#...#.......
#...#.C##...#...#.......
##.###$@##..'>..'.......
#.##.#.##..#...#.......
#..#..##..###..#.......
#.###..##.############.
#.##.#.##...#..#.....#.
#..##.##....#..#.....##
##..#.#.....#..'.......
##..#......#..#.......
##.#....########...##


You could see a cyclops.

Vanquished Creatures
  Grinder (D:3)
  A troll (D:8)
  A water moccasin (D:7)
  An orc warrior (D:8)
  2 centaurs
  2 bullfrogs
  A gnoll sergeant (D:6)
  3 scorpions
  5 wights (D:6)
  9 killer bees
  A howler monkey (D:8)
  2 hounds
  3 orc priests (D:8)
  5 jellies
  A sleepcap (D:5)
  2 iguanas
  Ijyb (D:3)
  5 orc wizards
  Terence (D:2)
  Robin (D:3)
  5 gnolls (D:6)
  3 adders
  2 shadow imps
  3 ufetubi
  A worm (D:2)
  2 dart slugs
  36 orcs
  5 bats
  13 endoplasms
  4 giant cockroaches
  16 goblins
  11 hobgoblins
  4 quokkas
  6 ball pythons
  6 frilled lizards
  7 kobolds
  7 rats
179 creatures vanquished.

Vanquished Creatures (others)
  7 demonic plants (D:5)
  559 foxfires
566 creatures vanquished.

Grand Total: 745 creatures vanquished

Notes
Turn   | Place    | Note
-------+----------+-------------------------------------------
     0 | D:1      | raph the Deep Elf Fire Elementalist began the quest for the
                  | Orb.
     0 | D:1      | Reached XP level 1. HP: 10/10 MP: 6/6
    95 | D:1      | Reached XP level 2. HP: 15/15 MP: 4/8
   310 | D:1      | Learned a level 2 spell: Scorch
   831 | D:1      | Reached skill level 4 in Fire Magic
   901 | D:1      | Reached XP level 3. HP: 19/19 MP: 5/10
   905 | D:1      | Learned a level 3 spell: Inner Flame
   909 | D:1      | Learned a level 3 spell: Volatile Blastmotes
  2096 | D:2      | Noticed Terence
  2103 | D:2      | Killed Terence
  2104 | D:2      | Reached XP level 4. HP: 24/24 MP: 3/12
  2302 | D:2      | Learned a level 1 spell: Slow
  2945 | D:3      | Noticed Robin
  3161 | D:3      | Found a transporter.
  3163 | D:3      | Noticed an ogre
  3163 | D:3      | Noticed PanSaczeczos's ghost (amateur SpGl)
  3164 | D:3      | Found a transporter.
  3166 | D:3      | Noticed an ogre
  3247 | D:3      | Found an opulent altar of Gozag.
  3268 | D:3      | Became a worshipper of Gozag Ym Sagoz the Greedy
  3281 | D:3      | Found a snail-covered altar of Cheibriados.
  3282 | D:3      | Noticed Ijyb
  3288 | D:3      | Killed Ijyb
  3289 | D:3      | Reached skill level 5 in Fire Magic
  3424 | D:3      | Killed Robin
  3425 | D:3      | Reached XP level 5. HP: 28/28 MP: 6/13
  3448 | D:3      | Noticed Grinder
  3532 | D:3      | Killed Grinder
  3533 | D:3      | Reached skill level 5 in Spellcasting
  3533 | D:3      | Reached skill level 6 in Fire Magic
  3533 | D:3      | Reached XP level 6. HP: 32/32 MP: 3/15
  3824 | D:3      | Found a faded altar of an unknown god.
  4062 | D:3      | Learned a level 4 spell: Flame Wave
  4606 | D:4      | Reached XP level 7. HP: 33/36 MP: 4/17
  5241 | D:4      | Found a hazy altar of Hepliaklqana.
  5655 | D:4      | Reached skill level 7 in Fire Magic
  5845 | D:5      | Entered Level 5 of the Dungeon
  6027 | D:5      | Reached skill level 5 in Conjurations
  6805 | D:6      | Reached XP level 8. HP: 41/41 MP: 12/19
  6962 | D:6      | Found a broken altar of Ashenzari.
  7702 | D:6      | Reached skill level 8 in Fire Magic
  7971 | D:6      | Reached skill level 1 in Fighting
  8341 | D:7      | Found a staircase to the Ecumenical Temple.
  8833 | D:7      | Learned a level 4 spell: Anguish
  8974 | D:7      | Reached skill level 1 in Hexes
  8974 | D:7      | Reached XP level 9. HP: 48/48 MP: 16/22
  8975 | D:7      | Reached skill level 1 in Necromancy
  9152 | D:7      | Found a hide-covered altar of Uskayaw.
 10064 | D:8      | Reached skill level 9 in Fire Magic
 10300 | D:8      | Noticed a troll
 10302 | D:8      | Noticed a cyclops
 10304 | D:8      | Killed a troll
 10305 | D:8      | Slain by a cyclops

Illustrated notes

Levels and vault maps discovered:
D:1:      dpeg_arrival_rooms_with_view, layout_loops_ring
D:2:      layout_basic, uniq_terence
D:3:      layout_rooms, mainiacjoe_overflow_catwalk, mainiacjoe_overflow_paths,
          gammafunk_ghost_smash, basic_ecumenical_altar, uniq_robin, uniq_ijyb,
          uniq_grinder
D:4:      layout_basic, worldfamousw_hep_ancestral_shrine
D:5:      layout_cave_pools, serial_demonic, serial_demonic_c, serial_demonic_b,
          serial_demonic_g, serial_demonic_b, chequers_ossuary_entry_cave
D:6:      layout_basic, nicolae_ashenzari_panopticon, roderic_lattice_a
D:7:      layout_loops_ring, kennysheep_little_box, minmay_temple_entry_wispy
D:8:      layout_gridville, minmay_manual_macuahuitl

Skill      XL: |  1  2  3  4  5  6  7  8  9 |
---------------+----------------------------+-----
Fire Magic     | 4 5 6 7 8 9 |  9.1
Conjurations   | 2 3 4 5 7 |  7.5
Spellcasting   | 4 5 6 7 |  7.7
Fighting       | 1 2 |  2.2
Dodging        | 3 4 |  4.3
Hexes          | 1 2 |  2.2
Necromancy     | 2 |  2.0
Stealth        | |  2.4

Action                     |  1- 3 |  4- 6 |  7- 9 || total
---------------------------+-------+-------+-------++-------
  Melee: Dagger            |     2 |       |     4 ||     6
   Cast: Foxfire           |   102 |    99 |   128 ||   329
         Scorch            |     9 |    11 |    31 ||    51
         Inner Flame       |       |     1 |    15 ||    16
         Flame Wave        |       |       |    12 ||    12
    Use: Scroll            |     3 |     9 |     8 ||    20
   Stab: Sleeping          |       |       |     1 ||     1
 Armour: Robe              |     4 |     4 |    13 ||    21
  Dodge: Dodged            |    15 |    14 |    35 ||    64
